 Dungeon Crawl Stone Soup version 0.29-a0-653-gd47aff6735 (webtiles) character file.

Game seed: 6605175143821918948

1082 xian the Conjurer (level 8, 0/46 HPs)
             Began as an Octopode Conjurer on June 21, 2022.
             Was an Initiate of Gozag.
             Slain by an acid dragon (15 damage)
             ... on level 6 of the Dungeon.
             The game lasted 00:16:17 (6683 turns).

xian the Conjurer (Octopode Conjurer)               Turns: 6683, Time: 00:16:20

Health: 0/46       AC: -3    Str:  7    XL:     8   Next: 30%
Magic:  25/25      EV: 13    Int: 27    God:    Gozag
Gold:   179        SH:  0    Dex: 10    Spells: 5/18 levels left

rFire   . . .      SeeInvis .   v - +6 long sword "Koongil" {vorpal, rElec MP+9 Int+5}
rCold   . . .      Faith    .   w - orb {*Rage}
rNeg    + . .      Spirit   .   (helmet restricted)
rPois   .          Reflect  .   (no amulet)
rElec   +          Harm     .   h - ring of positive energy
rCorr   .          Rampage  .   o - ring of willpower
Will    +....      Rage     20% (no ring)
Stlth   ++++......              (no ring)
HPRegen 0.15/turn               (no ring)
MPRegen 0.19/turn               (no ring)
                                (no ring)
                                (no ring)

@: corroded, on berserk cooldown, slowed, very slow
A: almost no armour, amphibious, 8 rings, camouflage 1, gelatinous body 1,
(nimble swimmer 1), tentacles
a: Renounce Religion, Potion Petition, Call Merchant, Bribe Branch


You were on level 6 of the Dungeon.
You worshipped Gozag.
Gozag was aware of your devotion.
You visited 2 branches of the dungeon, and saw 7 of its levels.

You collected 295 gold pieces.
You paid 116 gold pieces to Gozag.

Inventory:

Hand Weapons
 v - the +6 long sword "Koongil" (weapon) {vorpal, rElec MP+9 Int+5}
   (You found it on level 5 of the Dungeon)

   It inflicts extra damage upon your enemies.
   Int:       It affects your intelligence (+5).
   rElec:     It insulates you from electricity.
   MP:        It affects your magic capacity (+9).
Armour
 q - an orb of energy
 w - an orb of wrath (worn)
Magical Staves
 m - a staff of conjuration
Jewellery
 h - a ring of positive energy (left tentacle)
 o - a ring of willpower (right tentacle)
Wands
 c - a wand of flame (59)
Scrolls
 i - a scroll of blinking
 n - 3 scrolls of poison
 p - a scroll of teleportation
Potions
 a - a potion of magic
 b - 3 potions of flight
 d - a potion of berserk rage
 e - a potion of curing
 f - 3 potions of attraction
 g - a potion of cancellation
 j - 2 potions of might
 k - 2 potions of resistance
 l - a potion of lignification
 s - a potion of heal wounds
 t - a potion of haste
 u - a potion of brilliance
 x - a potion of ambrosia {unknown}


   Skills:
 + Level 0.1 Fighting
 + Level 0.1 Long Blades
 + Level 2.5 Dodging
 + Level 5.8 Stealth
 + Level 5.5 Spellcasting
 + Level 7.5 Conjurations


You had 5 spell levels left.
You knew the following spells:

 Your Spells              Type           Power      Damage    Failure   Level
a - Magic Dart            Conj           100%       1d8       1%          1
b - Searing Ray           Conj           96%        2d7       1%          2
c - Shock                 Conj/Air       100%       1d9       1%          1
d - Passwall              Tmut/Erth      5%         N/A       11%         2
e - Stone Arrow           Conj/Erth      54%        3d10      4%          3
f - Iskenderun's Mystic   Conj/Tloc      27%        2d7       14%         4

Your spell library contained the following spells:

 Spells                   Type           Power      Damage    Failure   Level
 Dazzling Flash           Conj/Hex       54%        N/A       4%          3
 Sandblast                Erth           14%        2d6       7%          1
 Fulminant Prism          Conj/Hex       13%        3d9       14%         4
 Ozocubu's Armour         Ice            7%         N/A       21%         3
 Swiftness                Air            7%         N/A       21%         3
 Airstrike                Air            3%         N/A       56%         4
 Metabolic Englaciation   Hex/Ice        3%         N/A       88%         5
 Simulacrum               Ice/Necr       Unusable   N/A       N/A         6

Dungeon Overview and Level Annotations

Branches:
Dungeon (6/15)             Temple (1/1) D:5

Altars:
Ashenzari
Cheibriados
Dithmenos
Elyvilon
Gozag
Hepliaklqana
Kikubaaqudgha
Makhleb
Nemelex Xobeh
Qazlal
Ru
Sif Muna
Trog
Uskayaw
Vehumet
Wu Jian
Yredelemnul
The Shining One

Shops:
D:1 (


Innate Abilities, Weirdness & Mutations

You cannot wear most types of armour.
You are amphibious.
You can wear up to eight rings at the same time.
Your skin changes colour to match your surroundings (Stealth+).
Your rubbery body absorbs attacks. (AC +1, EV +1)
((You are camouflaged when in or above water. (Stealth+)))
You have tentacles for arms and can constrict up to eight enemies at once.


Message History

2 adders come into view.
The adder hisses angrily.
The adder bites you.
The adder hisses angrily.
A red film seems to cover your vision as you go berserk!
You feel yourself moving faster!
You feel mighty!
You miss the adder. Your grab misses the adder. Your squeeze misses the adder.
The adder bites you. x2
The adder barely misses you. x2
Unknown command.
You slash the adder!
You kill the adder!
The adder bites you.
You are poisoned.
The adder poisons you!
You barely miss the adder. Your grab misses the adder. You squeeze the adder!
You kill the adder!
You feel sick.
You feel sick.
You now have 175 gold pieces (gained 4).
You feel a strong urge to attack something.
You feel sick.
You now have 179 gold pieces (gained 4).
You feel sick.
Calm down first, please.
You feel your anger nearly subside.
You are no longer berserk.
You are exhausted.
You feel yourself slow down.
You feel sick.
You feel sick.
You are no longer poisoned.
An acid dragon comes into view.
An acid dragon is nearby!
The acid dragon roars!
You hit the acid dragon but do no damage.
You squeeze the acid dragon, but do no damage.
The acid dragon spits acid at you. The splash of acid hits you!!
Ouch! That really hurt!
The acid corrodes you! The acid dragon bites you!
You die...
Your body crumbles into a pile of gold.

.#............##..#≈.#.≈.
.#..####...#####..#≈.#.≈
.....# ##.## #..#.≈.#
.....# #.######..#.≈.#
...#.# #.........#.≈.#
..##.####..######<..≈.#
...........# ###..≈.####
..........# #....≈.....
#.#.#####.# ###@...≈≈≈≈≈≈
....# #.# #..D.........
#.#.# #.# #..........##
#.#.#####'####............
#.#..+.......'.#...#....##
.....#.#...#.###...#.####
.. #.#._.#.#.......#
#.#...#.#....####
+.......'.####


You could see an acid dragon (catching breath).

Vanquished Creatures
  A black bear (D:5)
  2 ogres
  A necrophage (D:6)
  2 scorpions (D:5)
  3 electric eels (D:3)
  4 hounds
  An orc priest (D:3)
  An iguana (D:4)
  Natasha (thrice) (D:4)
  2 orc wizards (D:5)
  3 gnolls (D:4)
  8 adders
  2 shadow imps (D:5)
  A white imp (D:5)
  An ufetubus (D:6)
  A worm (D:3)
  2 dart slugs
  12 orcs
  5 ball pythons
  6 endoplasms
  3 giant cockroaches
  7 goblins
  10 hobgoblins
  3 quokkas (D:2)
  8 bats
  2 frilled lizards
  7 kobolds
  5 rats
106 creatures vanquished.

Vanquished Creatures (others)
  2 plants (D:3)
2 creatures vanquished.

Grand Total: 108 creatures vanquished

Notes
Turn   | Place    | Note
-------+----------+-------------------------------------------
     0 | D:1      | xian the Octopode Conjurer began the quest for the Orb.
     0 | D:1      | Reached XP level 1. HP: 11/11 MP: 3/3
   264 | D:1      | Found Buirinas's Antique Weapon Shop.
   342 | D:1      | Reached XP level 2. HP: 17/17 MP: 3/5
   809 | D:1      | Found a faded altar of an unknown god.
  1221 | D:2      | Reached XP level 3. HP: 21/21 MP: 0/6
  1389 | D:2      | Learned a level 2 spell: Searing Ray
  1514 | D:2      | Learned a level 1 spell: Shock
  1951 | D:2      | Reached skill level 5 in Conjurations
  1951 | D:2      | Reached XP level 4. HP: 27/27 MP: 2/7
  2576 | D:3      | Found a transporter.
  2619 | D:3      | Found a transporter.
  2633 | D:3      | Reached XP level 5. HP: 31/31 MP: 4/9
  3086 | D:3      | Learned a level 2 spell: Passwall
  3090 | D:3      | Learned a level 3 spell: Stone Arrow
  3423 | D:3      | Found a white marble altar of Elyvilon.
  3796 | D:3      | Reached XP level 6. HP: 27/36 MP: 7/11
  3998 | D:4      | Noticed Natasha
  4002 | D:4      | Killed Natasha
  4237 | D:4      | Reached skill level 6 in Conjurations
  4646 | D:4      | Noticed Natasha
  4656 | D:4      | Killed Natasha
  4661 | D:4      | Noticed Natasha
  4676 | D:4      | Killed Natasha
  5139 | D:4      | Reached XP level 7. HP: 41/41 MP: 9/14
  5341 | D:5      | Entered Level 5 of the Dungeon
  5367 | D:5      | Reached skill level 5 in Spellcasting
  5523 | D:5      | Found a staircase to the Ecumenical Temple.
  5530 | Temple   | Entered the Ecumenical Temple
  5766 | D:5      | Reached skill level 7 in Conjurations
  5920 | D:5      | Reached skill level 5 in Stealth
  5920 | D:5      | Reached XP level 8. HP: 46/46 MP: 12/16
  6273 | D:5      | Identified the +6 long sword "Koongil" {vorpal, rElec MP+9
                  | Int+5}
  6399 | D:5      | Learned a level 4 spell: Iskenderun's Mystic Blast
  6509 | D:6      | Found an opulent altar of Gozag.
  6519 | D:6      | Became a worshipper of Gozag Ym Sagoz the Greedy
  6683 | D:6      | Slain by an acid dragon

Illustrated notes

Levels and vault maps discovered:
D:1:      arrival_zaba_pyramid, layout_basic,
          ebering_ecumenical_altar_sacrificial, serial_shops, shop
D:2:      layout_loops_corners, minmay_octomino_j4
D:3:      gammafunk_steamed_eel, layout_loops_ring,
          nicolae_elyvilon_peaceful_grove
D:4:      layout_loops_ring, kennysheep_doodads, uniq_natasha
D:5:      layout_loops_ring, minmay_temple_entry_crystal_x
D:6:      kennysheep_big_flooded_room, layout_loops_ring,
          nicolae_overflow_squiral, mainiacjoe_overflow_six_doors_small,
          minmay_misc_feat_rows, nzn_random_ring, uniq_eustachio
Temple:   regret_index_temple_sphere_string

Skill      XL: |  1  2  3  4  5  6  7 |
---------------+----------------------+-----
Stealth        | 3 4 5 |  5.8
Conjurations   | 5 6 7 |  7.5
Spellcasting   | 3 4 5 |  5.5
Fighting       | |  0.1
Long Blades    | |  0.1
Dodging        | |  2.5

Action                   |  1- 3 |  4- 6 |  7- 9 || total
-------------------------+-------+-------+-------++-------
Melee: Staff             |       |     3 |       ||     3
       Constrict         |       |     1 |     1 ||     2
       Long sword        |       |       |     9 ||     9
       Tentacles         |       |       |     2 ||     2
 Cast: Magic Dart        |    59 |    81 |    13 ||   153
       Searing Ray       |       |    11 |    12 ||    23
       Stone Arrow       |       |       |     1 ||     1
  Use: Scroll            |     8 |     5 |     5 ||    18
 Stab: Sleeping          |       |       |     1 ||     1
Armor: Skin              |     1 |     3 |     1 ||     5
Dodge: Dodged            |       |    10 |    12 ||    22

Table legend: (Time is in decaauts)
 A = Elapsed time spent in this place.
 B = Non-inter-level travel time spent in this place.
 C = Inter-level travel time spent in this place.
 D = Time resting spent in this place.
 E = Time spent auto-exploring this place.
 F = Levels seen in this place.
 G = Mean time per level.
                   A        B        C        D        E       F      G
               +--------+--------+--------+--------+--------+-----+--------+
         Total |   6689 |   6537 |    152 |    558 |   5107 |   7 |  955.6 |
       Dungeon |   6515 |   6363 |    152 |    558 |   4984 |   6 | 1085.8 |
        Temple |    173 |    173 |      0 |      0 |    123 |   1 |  173.0 |
               +--------+--------+--------+--------+--------+-----+--------+

Top non-repeatable levels by time:
     D:3: 1571 daAuts
     D:4: 1344 daAuts
     D:2: 1342 daAuts
     D:1: 1079 daAuts
     D:5: 962 daAuts
     D:6: 215 daAuts
  Temple: 173 daAuts
